 Dungeon Crawl Stone Soup version 0.19.1-1-g22dce08 (webtiles) character file.

18361 dalore the Basher (level 12, 0/115 HPs)
             Began as a Minotaur Berserker on Jan 2, 2017.
             Was a High Priest of Trog.
             Slain by a chaos spawn (9 damage)
             ... summoned by a kobold demonologist
             ... on level 12 of the Dungeon.
             The game lasted 01:32:37 (14471 turns).

dalore the Basher (Minotaur Berserker)             Turns: 14471, Time: 01:32:38

Health: 0/115      AC: 22    Str: 26    XL:     12   Next: 27%
Magic:  11/11      EV:  9    Int:  4    God:    Trog [*****.]
Gold:   787        SH:  3    Dex: 11    Spells: 0 memorised, 11 levels left

rFire  . . .     SeeInvis .     W - +1 flail (venom)
rCold  . . .     Gourm    .     N - +2 chain mail {rPois}
rNeg   . . .     Faith    .     Q - +0 buckler
rPois  +         Spirit   .     (helmet restricted)
rElec  .         Reflect  .     D - +0 cloak
rCorr  .         Harm     .     x - +1 pair of gloves
MR     ++...                    I - +0 pair of boots {run}
Stlth  ..........               (no amulet)
                                m - ring of flight {+Fly, !d}
                                e - ring of wizardry {Wiz+, !d}

@: exhausted, regenerating, slowed, very slow
A: retaliatory headbutt, horns 2, thin metallic scales 1
a: Berserk, Trog's Hand, Brothers in Arms, Burn Spellbooks, Renounce Religion,
Evoke Flight


You were on level 12 of the Dungeon.
You worshipped Trog.
Trog was extremely pleased with you.
You were hungry.

You visited 2 branches of the dungeon, and saw 14 of its levels.

You collected 847 gold pieces.
You spent 60 gold pieces at shops.

Inventory:

Hand Weapons
 b - a +2 whip of freezing
   (You took it off an orc priest on level 3 of the Dungeon)
 f - the +0 war axe of Trog's Reproof {flame, rElec MR+}
   (Trog gifted it to you on level 11 of the Dungeon)

   It has been specially enchanted to burn those struck by it, causing extra
   injury to most foes and up to half again as much damage against particularly
   susceptible opponents.
   Big, fiery blades are also staple armaments of hydra-hunters.
   It insulates you from electricity.
   It affects your resistance to hostile enchantments.
 l - a +2 morningstar
   (You took it off a wight on level 9 of the Dungeon)
 t - a +4 flail
   (You took it off a gnoll on level 2 of the Dungeon)
 B - a +2 dire flail of crushing
   (You took it off an orc warrior on level 11 of the Dungeon)
 C - a +0 flail of protection
   (You took it off an orc on level 10 of the Dungeon)
 O - a +6 whip
   (You took it off an orc on level 11 of the Dungeon)
 W - a +1 flail of venom (weapon)
   (Trog gifted it to you on level 12 of the Dungeon)
Missiles
 z - 2 throwing nets {=f, !d}
 L - 10 tomahawks (quivered)
 M - 2 tomahawks of returning
Armour
 q - a +0 plate armour
   (You took it off an orc warrior on level 8 of the Dungeon)
 x - a +1 pair of gloves (worn)
   (You found it on level 3 of the Dungeon)
 D - a +0 cloak (worn)
   (You took it off Crazy Yiuf on level 6 of the Dungeon)
 I - a +0 pair of boots of running (worn)
   (You found it on level 10 of the Dungeon)
 N - a +2 chain mail of poison resistance (worn)
   (You took it off an orc warrior on level 11 of the Dungeon)
 Q - a +0 buckler (worn)
   (You took it off a tengu conjurer on level 12 of the Dungeon)
Jewellery
 e - a ring of wizardry (left hand) {Wiz+, !d}
   (You found it on level 6 of the Dungeon)
 m - a ring of flight (right hand) {+Fly, !d}
   (You found it on level 2 of the Dungeon)
 H - an uncursed ring of resist corrosion {unknown}
   (You took it off an orc wizard on level 11 of the Dungeon)
 J - an uncursed amulet of rage {+Rage, !d}
   (You found it on level 10 of the Dungeon)
Wands
 k - a wand of enslavement (3/24)
   (You found it on level 10 of the Dungeon)
 r - a wand of flame (6/48)
   (You found it on level 10 of the Dungeon)
 F - a wand of teleportation (9/9)
   (You found it on level 5 of the Dungeon)
 K - a wand of slowing (24/48)
   (You found it on level 11 of the Dungeon)
 X - a wand of random effects (22/48)
   (You took it off a wight on level 12 of the Dungeon)
Scrolls
 a - 3 scrolls of enchant armour
 g - 9 scrolls of identify
 i - 5 scrolls of blinking {!r}
 n - 2 scrolls of enchant weapon
 o - 5 scrolls of teleportation
 p - 4 scrolls of remove curse
 w - a scroll of fog
 y - a scroll of magic mapping {!r}
 E - 3 scrolls of noise {!r}
 P - a scroll of summoning {unknown}
 R - a scroll of recharging
Potions
 d - 2 potions of flight
 j - a potion of resistance {unknown}
 s - a potion of curing
 u - a potion of lignification {unknown}
 A - 2 potions of heal wounds
 G - 2 potions of brilliance
Books
 v - a book of Maledictions
   (You found it on level 10 of the Dungeon)
 T - a book of Battle
   (You found it on level 12 of the Dungeon)
Miscellaneous
 S - a sack of spiders
Comestibles
 c - 6 bread rations {@e1}
 h - 3 meat rations {@e2}
 U - a royal jelly
 V - a chunk of flesh {@w0}


   Skills:
 + Level 13.1 Fighting
 - Level 14.9 Maces & Flails
 + Level 13.5 Armour
 - Level 2.1 Dodging
 + Level 0.2 Shields


You had 11 spell levels left.
You didn't know any spells.

Dungeon Overview and Level Annotations

Branches:
Dungeon (13/15)            Temple (1/1) D:7            Lair (0/6) D:8
    Orc (0/2) D:12
 Vaults: D:13-14

Altars:
Ashenzari
Cheibriados
Dithmenos
Elyvilon
Fedhas
Gozag
Hepliaklqana
Kikubaaqudgha
Makhleb
Nemelex Xobeh
Okawaru
Qazlal
Ru
Sif Muna
Trog
Uskayaw
Vehumet
Xom
Yredelemnul
Zin
The Shining One

Shops:
D:5 :=:*   D:7 %

Annotations:
D:11 Erica


Innate Abilities, Weirdness & Mutations

You reflexively headbutt those who attack you in melee.
You have a pair of horns on your head.
You are partially covered in thin metallic scales. (AC +2)


Message History

a short sword; a glowing robe; 22 stones You start waiting.
The yaktaur hits you with an enchanted arbalest.
You take 3 damage, and have 110/113 hp.
You sock the yaktaur!
The yaktaur looks as sick as possible!
You headbutt the yaktaur.
The yaktaur hits you but does no damage.
You thump the yaktaur! You headbutt the yaktaur!
You kill the yaktaur!
Trog accepts your kill.
Things that are here:
an enchanted arbalest; 23 bolts
L - 11 tomahawks (gained 1)
A raiju comes into view.
The raiju barks!
A death knight comes into view. It is wielding a broad axe.
You see here a tomahawk.
Health restored: 113 The death knight shouts!
The raiju bursts into living lightning!
The living lightning hits you!
The raiju blinks!
You take 3 damage, and have 110/113 hp.
The raiju bursts into living lightning!
The living lightning hits you!
The raiju blinks!
You take 4 damage, and have 106/113 hp.
The raiju changes into a yaktaur!
Aim: a yaktaur shaped shifter You throw a tomahawk.
The tomahawk hits the yaktaur but does no damage.
You hit the yaktaur.
The yaktaur is poisoned.
The yaktaur closely misses you.
A kobold demonologist comes into view. It is wielding a dagger.
A red film seems to cover your vision as you go berserk!
You feel yourself moving faster!
You feel mighty!
You are feeling hungry.
The kobold demonologist shouts!
The kobold demonologist gestures wildly while chanting.
The yaktaur barely misses you.
You now have 161/169 hp.
Your chain mail prevents you from hitting the yaktaur.
The kobold demonologist moves out of view.
You thump the yaktaur!
The yaktaur looks as sick as possible!
You headbutt the yaktaur!! The yaktaur hits you.
The death knight mumbles some strange prayers to Yredelemnul against you.
Your body is wracked with pain!
You take 80 damage, and have 81/169 hp.
MASSIVE DAMAGE!!
You sock the yaktaur!
You kill the yaktaur!
Trog accepts your kill.
Your Fighting skill increases to level 13!
You regained 2 hp, and now have 83/172 hp.
The death knight hits you with a broad axe.
You take 5 damage, and have 78/172 hp.
You sock the death knight!
The death knight is poisoned.
Your headbutt misses the death knight. You closely miss the death knight.
You sock the death knight!
The death knight looks as sick as possible!
You headbutt the death knight.
The death knight offers itself to Yredelemnul, and fills with unholy energy.
You bludgeon the death knight!!
The death knight looks as sick as possible!
The death knight reflects your damage back at you! x2
You take 17 damage, and have 61/172 hp.
You hit the death knight.
The death knight looks as sick as possible!
The death knight reflects your damage back at you!
The death knight invokes the aid of Yredelemnul against you.
Your body is wracked with pain!
* * * LOW HITPOINT WARNING * * *
You take 29 damage, and have 32/172 hp.
You sock the death knight! You headbutt the death knight!
The death knight reflects your damage back at you!
* * * LOW HITPOINT WARNING * * *
You kill the death knight!
Trog accepts your kill.
Your damage is reflected back at you!
You take 11 damage, and have 21/172 hp.
You are too berserk!
Items here: $ ) = [ a broad axe; a chain mail; a ring of flight {+Fly, !d}; 25 gold pieces You feel a strong urge to attack something.
You are no longer berserk.
You are exhausted.
You feel yourself slow down.
You now have 14/115 hp.
The chaos spawn barely misses you.
You hit the chaos spawn.
The chaos spawn is poisoned.
The chaos spawn gores you but does no damage.
Your skin crawls.
You feel resistant to hostile enchantments.
You feel somewhat more hungry. The chaos spawn closely misses you.
The kobold demonologist hits you but does no damage.
The chaos spawn hits you!
* * * LOW HITPOINT WARNING * * *
You take 7 damage, and have 8/115 hp.
You hit the chaos spawn.
The kobold demonologist hits you but does no damage.
The chaos spawn hits you!
You die...

.#......# #......###
#.......# #..##.))..
#.......##.##.########
##..........#...##.....
##........# #.......###
######....<....# ##....8.##..
.........###.### #>.[....+)..
.........# #4# ##....8.##..
.........###@# #.......###
...........K(# #...##.....
..........##.#######.########
#######)(..).....).#..##.....
#....###).#####.#......###
#.#### #..### #.##(...##.[
#...## #....###.##..8.'...
###..# #..#(..#.###..)##..
##.# #)####()...##...###


You could see a kobold demonologist and a chaos spawn.

Vanquished Creatures
  Frances (D:12)
  An ettin (D:12)
  A death knight (D:12)
  Nergalle (D:11)
  3 hill giants
  A cyclops (D:11)
  A manticore (D:12)
  The ghost of Adolfin the Insei, a novice OpTm (D:7)
  A centaur zombie (D:12)
  A yaktaur (D:12)
  A freezing wraith (D:12)
  A tengu conjurer (D:12)
  A yaktaur (shapeshifter) (D:12)
  A merfolk (D:9)
  2 hornets
  5 hippogriffs
  A shadow (D:11)
  A vampire (D:11)
  A wyvern (D:9)
  8 yaks
  3 hungry ghosts
  A soldier ant (D:8)
  3 wargs (D:12)
  2 water moccasins
  15 orc warriors
  9 ogres
  2 sky beasts
  A necrophage (D:6)
  8 ice beasts
  3 phantoms
  5 centaurs
  2 crocodiles
  2 big kobolds
  4 bullfrogs
  A wyvern skeleton (D:9)
  2 scorpions (D:11)
  6 killer bees (D:7)
  12 wights
  4 howler monkeys
  A bullfrog zombie (D:9)
  7 orc priests
  A hound (D:12)
  2 jellies
  Crazy Yiuf (D:6)
  15 orc wizards
  Natasha (D:2)
  4 iguanas
  5 worker ants
  A bullfrog simulacrum (D:12)
  2 hound zombies
  A hound skeleton (D:8)
  6 gnolls
  18 adders
  3 river rats (D:8)
  4 shadow imps
  2 oozes
  An adder zombie (D:8)
  5 worms
  2 dart slugs (D:1)
  9 leopard geckos
  63 orcs
  5 giant cockroaches
  4 hobgoblins
  10 jackals
  20 kobolds
  8 quokkas
  14 bats
  6 frilled lizards
  6 goblins
  A quokka skeleton (D:7)
  A quokka zombie (D:5)
  17 rats
  A fungus (D:6)
366 creatures vanquished.

Vanquished Creatures (others)
  A wight (D:12)
  An orc wizard (D:4)
  An orc (D:6)
3 creatures vanquished.

Grand Total: 369 creatures vanquished

Notes
Turn   | Place    | Note
-------+----------+-------------------------------------------
     0 | D:1      | dalore the Minotaur Berserker began the quest for the Orb.
     0 | D:1      | Reached XP level 1. HP: 19/19 MP: 0/0
    21 | D:1      | Reached skill level 4 in Fighting
   372 | D:1      | Reached XP level 2. HP: 23/28 MP: 1/1
  1155 | D:2      | Reached skill level 5 in Fighting
  1155 | D:2      | Reached XP level 3. HP: 36/36 MP: 2/2
  1408 | D:2      | Found a faded altar of an unknown god.
  1731 | D:2      | Noticed Natasha
  1734 | D:2      | Reached ** piety under Trog
  1739 | D:2      | Killed Natasha
  1739 | D:2      | Reached skill level 6 in Fighting
  1739 | D:2      | Reached XP level 4. HP: 38/44 MP: 3/3
  2182 | D:2      | Reached XP level 5. HP: 50/51 MP: 4/4
  2183 | D:2      | Reached skill level 7 in Fighting
  2619 | D:3      | Reached skill level 4 in Maces & Flails
  2959 | D:3      | Found a hazy altar of Hepliaklqana.
  3180 | D:3      | Reached XP level 6. HP: 58/60 MP: 5/5
  3423 | D:4      | Found a stormy altar of Qazlal.
  3437 | D:4      | Reached skill level 5 in Maces & Flails
  3481 | D:4      | Found a shadowy altar of Dithmenos.
  3488 | D:4      | Found a blossoming altar of Fedhas.
  3499 | D:5      | Entered Level 5 of the Dungeon
  3747 | D:4      | Reached skill level 8 in Fighting
  3747 | D:4      | Reached skill level 3 in Armour
  4135 | D:5      | Found Zekaehad's Jewellery Boutique.
  4266 | D:4      | Found an iron altar of Okawaru.
  4401 | D:6      | Reached skill level 6 in Maces & Flails
  4401 | D:6      | Reached XP level 7. HP: 38/68 MP: 6/6
  4618 | D:6      | Reached skill level 7 in Maces & Flails
  4618 | D:6      | Reached skill level 4 in Armour
  5041 | D:6      | Reached *** piety under Trog
  5167 | D:6      | Found a runed door.
  5171 | D:6      | Noticed Crazy Yiuf
  5175 | D:6      | Killed Crazy Yiuf
  5289 | D:5      | Found Paladd's Book Shoppe.
  5292 | D:5      | Reached XP level 8. HP: 75/75 MP: 7/7
  5425 | D:5      | Reached skill level 8 in Maces & Flails
  5425 | D:5      | Reached skill level 5 in Armour
  5455 | D:5      | Found a shimmering altar of Xom.
  5627 | D:5      | Found Xedd's General Store.
  5640 | D:5      | Bought a scroll of identify for 22 gold pieces
  5640 | D:5      | Bought a scroll of magic mapping for 38 gold pieces
  5762 | D:5      | Found a radiant altar of Vehumet.
  5762 | D:5      | Found Obloept's Book Shoppe.
  5953 | D:7      | Found Ereiwag's Food Shop.
  5977 | D:6      | HP: 18/77 [poisoned by a killer bee]
  5982 | D:6      | HP: 15/77 [poisoned by a killer bee]
  5987 | D:6      | HP: 12/77 [poisoned by a killer bee]
  5992 | D:6      | HP: 12/77 [poisoned by a killer bee]
  5998 | D:6      | HP: 12/77 [poisoned by a killer bee]
  6314 | D:7      | Reached skill level 9 in Fighting
  6314 | D:7      | Reached skill level 6 in Armour
  6382 | D:7      | Noticed a hippogriff
  6390 | D:7      | Killed a hippogriff
  6442 | D:7      | Reached skill level 9 in Maces & Flails
  6451 | D:7      | Reached skill level 7 in Armour
  6531 | D:7      | Reached XP level 9. HP: 83/83 MP: 8/8
  6548 | D:7      | Noticed Adolfin's ghost (novice OpTm)
  6568 | D:7      | Killed Adolfin's ghost
  6568 | D:7      | Reached skill level 8 in Armour
  6810 | D:7      | Found a staircase to the Ecumenical Temple.
  6825 | Temple   | Entered the Ecumenical Temple
  7440 | D:7      | Found a deep blue altar of Sif Muna.
  7564 | D:7      | Reached skill level 9 in Armour
  7614 | D:7      | Reached skill level 10 in Maces & Flails
  7932 | D:8      | Reached skill level 10 in Fighting
  7995 | D:8      | Reached **** piety under Trog
  8353 | D:8      | Found a bloodstained altar of Trog.
  8505 | D:8      | Reached skill level 11 in Maces & Flails
  8505 | D:8      | Reached XP level 10. HP: 76/94 MP: 9/9
  8676 | D:8      | Reached skill level 10 in Armour
  8788 | D:8      | Found a staircase to the Lair.
  8898 | D:10     | Entered Level 10 of the Dungeon
  9351 | D:9      | Reached ***** piety under Trog
 10008 | D:9      | Reached skill level 12 in Maces & Flails
 10418 | D:10     | Noticed a hill giant
 10431 | D:10     | Killed a hill giant
 10431 | D:10     | Reached skill level 11 in Fighting
 10442 | D:10     | Identified a +0 pair of boots of running (You found it on level 10 of the Dungeon)
 10619 | D:10     | Reached skill level 11 in Armour
 11246 | D:10     | Noticed a hill giant
 11256 | D:10     | Killed a hill giant
 11256 | D:10     | Reached skill level 13 in Maces & Flails
 11384 | D:10     | Reached XP level 11. HP: 102/102 MP: 10/10
 12048 | D:11     | Gained mutation: You are partially covered in thin metallic scales. (AC +2) [potion of beneficial mutation]
 12115 | D:11     | Noticed Erica
 12368 | D:11     | Noticed Nergalle
 12369 | D:11     | Noticed a spectral orc warlord
 12381 | D:11     | Killed Nergalle
 12903 | D:11     | Received a gift from Trog
 12904 | D:11     | Got a shimmering war axe {god gift}
 12908 | D:11     | Identified the +0 war axe of Trog's Reproof {flame, rElec MR+} (Trog gifted it to you on level 11 of the Dungeon)
 13460 | D:11     | Found a burning altar of Makhleb.
 13608 | D:11     | Reached skill level 12 in Fighting
 13780 | D:12     | Reached skill level 12 in Armour
 13801 | D:12     | Found a staircase to the Orcish Mines.
 13830 | D:12     | Reached skill level 14 in Maces & Flails
 13977 | D:12     | Noticed Frances
 13985 | D:12     | Killed Frances
 14182 | D:12     | Noticed a hill giant
 14189 | D:12     | Killed a hill giant
 14220 | D:12     | Reached XP level 12. HP: 92/113 MP: 11/11
 14228 | D:12     | Reached skill level 13 in Armour
 14262 | D:12     | Noticed an ettin
 14272 | D:12     | Killed an ettin
 14368 | D:12     | Received a gift from Trog
 14449 | D:12     | Noticed a death knight
 14458 | D:12     | Reached skill level 13 in Fighting
 14464 | D:12     | HP: 32/172 [??? (29)]
 14465 | D:12     | Killed a death knight
 14470 | D:12     | HP: 8/115 [chaos spawn[a kobold demonologist] (9)]
 14471 | D:12     | Slain by a chaos spawn

Skill      XL: |  1  2  3  4  5  6  7  8  9 10 11 12 |
---------------+-------------------------------------+-----
Fighting       | 4 5 6 7 8 9 10 11 12 13 | 13.1
Maces & Flails | 4 6 7 9 11 13 14 | 14.9
Armour         | 3 4 7 9 11 12 13 | 13.5
Dodging        | |  2.1
Shields        | |  0.2

Action                   |  1- 3 |  4- 6 |  7- 9 | 10-12 || total
-------------------------+-------+-------+-------+-------++-------
Melee: Mace              |    64 |    26 |       |       ||    90
       Headbutt          |     7 |    11 |    50 |   119 ||   187
       Flail             |       |    38 |       |   302 ||   340
       Whip              |       |    61 |   295 |   107 ||   463
       Morningstar       |       |       |       |     7 ||     7
       Dire flail        |       |       |       |    87 ||    87
       War axe           |       |       |       |    25 ||    25
Throw: Javelin           |       |    19 |    45 |       ||    64
       Tomahawk          |       |       |     1 |    64 ||    65
Invok: Berserk           |     1 |     2 |     5 |    11 ||    19
       Trog's Hand       |       |     3 |     6 |     9 ||    18
  Use: Scroll            |       |     9 |     2 |     5 ||    16
       Potion            |       |     3 |     1 |     4 ||     8
  Eat: Chunk             |     2 |    12 |    19 |    26 ||    59
       Beef jerky        |       |       |     1 |     1 ||     2
       Meat ration       |       |       |       |     1 ||     1
Armor: Animal skin       |     9 |     4 |       |       ||    13
       Ring mail         |       |     8 |       |       ||     8
       Chain mail        |       |    19 |    98 |    83 ||   200
       Plate armour      |       |       |       |   105 ||   105
Dodge: Dodged            |    44 |    48 |   103 |   103 ||   298
Block: Buckler           |       |       |       |     2 ||     2

Vault maps used:
D:1:      ncdulo_lavacross
D:2:      ecumenical_altar_1, uniq_natasha
D:3:      nicolae_overflow_crystal_walls
D:4:      kennysheep_little_box, grunt_qazlal_clouds,
          grunt_temple_overflow_open, first_bread
D:5:      vehumet_altar_wand_db, old_standard_altar, serial_shops, shop,
          nicolae_shop_window_shopping, shop, shop
D:6:      portal_sewer_entry_d, amethyst_killhole, uniq_crazy_yiuf_cottage
D:7:      kennysheep_orc_sif_temple, serial_shops, shop
D:8:      lemuel_round_altar, grunt_lair_entry_orc_guard_hut
D:9:      hangedman_fish_farm
D:11:     minmay_goldmine, hangedman_abyss_or_decor_passed, bloody_makhleb,
          uniq_erica, uniq_nergalle
D:12:     minmay_expanding_squares, david_orc_1_choice, argonaut_gorgonesque,
          uniq_frances
D:13:     david_vaults_5
Temple:   dshaligram_water_room_temple

Table legend:
 A = Turns spent in this place as a percentage of turns spent in the entire game.
 B = Non-inter-level travel turns spent in this place as a percentage of non-inter-level travel turns spent in the entire game.
 C = Inter-level travel turns spent in this place as a percentage of turns spent in this place.
 D = Turns resting spent in this place as a percentage of non-inter-level travel turns spent in this place.
 E = Turns spent auto-exploring this place as a percentage of non-inter-level travel turns spent in this place.
 F = Non-inter-level travel turns spent in this place divided by the number of levels of this place that you've seen.
                   A       B       C       D       E      F
               +-------+-------+-------+-------+-------+----------------------
         Total | 100.0 | 100.0 |   2.1 |   7.7 |   9.4 | 252.1
       Dungeon |  98.6 |  98.6 |   2.1 |   7.8 |   9.2 | 267.6
        Temple |   1.4 |   1.4 |   3.8 |   0.0 |  24.0 |  50.0
               +-------+-------+-------+-------+-------+----------------------

Table legend:
 A = Kills in this place as a percentage of kills in entire the game.
 B = Kills by you in this place as a percentage of kills by you in the entire game.
 C = Kills by friends in this place as a percentage of kills by friends in the entire game.
 D = Other kills in this place as a percentage of other kills in the entire game.
 E = Experience gained in this place as a percentage of experience gained in the entire game.
 F = Experience gained in this place divided by the number of levels of this place that you have seen.
                   A       B       C       D       E      F
               +-------+-------+-------+-------+-------+----------------------
         Total | 100.0 | 100.0 |  -nan | 100.0 | 100.0 | 1873.6
       Dungeon | 100.0 | 100.0 |  -nan | 100.0 | 100.0 | 2017.7
               +-------+-------+-------+-------+-------+----------------------
